 Dungeon Crawl Stone Soup version 0.29-a0-477-g62b78b4225 (webtiles) character file.

Game seed: 7258598345971538509

1502 Sobieck the Destroyer (level 8, -20/67 HPs)
             Began as a Pale Draconian Conjurer on May 24, 2022.
             Demolished by Duvessa
             ... wielding a +4 short sword of protection
              (23 damage)
             ... on level 6 of the Dungeon.
             The game lasted 00:16:14 (7224 turns).

Sobieck the Destroyer (Pale Draconian Conjurer)     Turns: 7224, Time: 00:16:15

Health: -20/67     AC:  6    Str:  9    XL:     8   Next: 52%
Magic:  1/14       EV: 12    Int: 21    God:
Gold:   347        SH:  0    Dex: 10    Spells: 8/15 levels left

rFire   . . .      SeeInvis .   b - +2 hand crossbow (elec) {crossbow}
rCold   . . .      Faith    .   (no shield)
rNeg    + . .      Spirit   .   (body armour unavailable)
rPois   .          Reflect  .   (helmet restricted)
rElec   .          Harm     .   (no cloak)
rCorr   .          Rampage  .   (no gloves)
Will    .....                   (no boots)
Stlth   ++........              (no amulet)
HPRegen 0.21/turn               q - ring of positive energy
MPRegen 0.14/turn               (no ring)

@: no status effects
A: breathe steam, AC +6, unfitting armour, cold-blooded, steam resistance
a: Breathe Steam


You were on level 6 of the Dungeon.
You visited 1 branch of the dungeon, and saw 6 of its levels.
You also visited: Sewer.

You collected 347 gold pieces.


Innate Abilities, Weirdness & Mutations

You can breathe blasts of scalding, opaque steam.
Your pale cyan-grey scales are hard. (AC +6)
You cannot fit into any form of body armour.
You are cold-blooded and may be slowed by cold attacks.
You are immune to the effects of steam.


   Skills:
 + Level 4.5 Fighting
 - Level 1.7 Dodging
 - Level 1.7 Stealth
 + Level 4.4 Spellcasting
 - Level 9.0 Conjurations
 - Level 3.0 Hexes


You had 8 spell levels left.
You knew the following spells:

 Your Spells              Type           Power      Damage    Failure   Level
a - Magic Dart            Conj           100%       1d8       1%          1
b - Searing Ray           Conj           84%        2d7       1%          2
c - Fulminant Prism       Conj/Hex       14%        3d9       10%         4

Your spell library contained the following spells:

 Spells                   Type           Power      Damage    Failure   Level
 Dazzling Flash           Conj/Hex       58%        N/A       3%          3
 Ensorcelled Hibernation  Hex/Ice        20%        N/A       10%         2
 Passwall                 Tmut/Erth      3%         N/A       17%         2
 Iskenderun's Mystic Bla  Conj/Tloc      23%        2d6       19%         4
 Swiftness                Air            4%         N/A       34%         3

Inventory:

Hand Weapons
 b - a +2 hand crossbow of electrocution (weapon) {crossbow}
   (You found it on level 4 of the Dungeon)
 e - a +0 club {mace}
   (You took it off a goblin on level 1 of the Dungeon)
 i - a +2 vampiric dagger {short}
   (You took it off a kobold on level 1 of the Dungeon)
 y - a +1 vampiric short sword {short}
   (You took it off a kobold on level 4 of the Dungeon)
Missiles
 d - 184 stones {throwing}
 l - 16 poisoned darts {throwing}
 m - 2 datura-tipped darts {throwing}
 p - 2 curare-tipped darts {=fthrowing}
 s - 6 boomerangs {throwing}
Magical Staves
 g - a staff of earth {!astaff}
   (You found it on level 5 of the Dungeon)
Jewellery
 q - a ring of positive energy (left hand)
   (You found it on level 5 of the Dungeon)
Scrolls
 h - a scroll of magic mapping {!r}
Potions
 a - a potion of magic
 c - 2 potions of haste {@q3}
 f - 2 potions of brilliance
 j - a potion of ambrosia
 k - a potion of berserk rage {!q}
 n - 2 potions of invisibility
 o - a potion of cancellation {unknown}
 r - a potion of flight {unknown}
 t - 6 potions of curing {@q1}
 u - a potion of lignification {!q}
 v - a potion of heal wounds {unknown}

Dungeon Overview and Level Annotations

Branches:
Dungeon (6/15)              Sewer (visited)
 Temple: D:4-7

Altars:

Annotations:
D:6 Duvessa

#.# #.##.###..#
#.# #.##.# ##.#
#.# #.##.# #.#
#.# #.##.# #.#
#.# #.##.# #)#
#.# #.##.# #.#
#.# #.##.# #.#
#.# #.# #.# #@#
#.# #e# #.# #)#
#.#
#.......>....
..#
#...###########
##


You could see Duvessa (berserk).


Message History

Danger!
You shoot a bolt. The bolt hits the bullfrog.
Casting: Searing Ray (safe; 1% risk of failure)
Confirm with . or Enter, or press ? or * to list all spells.
You don't know that spell.
Casting: Searing Ray (safe; 1% risk of failure)
Confirm with . or Enter, or press ? or * to list all spells.
Aiming: Searing Ray (safe; 1% risk of failure)
Press: ? - help, Shift-Dir - straight line, f/p - bullfrog
Aim: a bullfrog (moderately wounded, 77% to hit)
The searing ray hits the bullfrog. (Press . to maintain the ray.)
The bullfrog hits you. The bullfrog hits you!
The searing ray misses the bullfrog.
The bullfrog hits you but does no damage.
The searing ray hits the bullfrog.
The bullfrog barely misses you. The bullfrog closely misses you.
The searing ray hits the bullfrog!
You kill the bullfrog!
You finish channelling your searing ray.
Unknown command.
You have got your breath back.
Duvessa, Sister of Dowan comes into view.
She is wielding a +4 short sword of protection.
Danger!
Danger!
Unknown command.
You start resting.
Unknown command.
Danger!
Aiming: Breathe Steam (1% risk of failure)
Press: ? - help, Shift-Dir - straight line, f - Duvessa
Aim: Duvessa, wielding a +4 short sword of protection and wearing a +0 chain mail (wandering, hasn't noticed you, 83% to hit)
You exhale a blast of scalding steam.
The ball of steam hits Duvessa but does no damage.
Duvessa shouts!
Duvessa is engulfed in a cloud of scalding steam.
Duvessa hits you but does no damage.
Casting: Searing Ray (safe; 1% risk of failure)
Confirm with . or Enter, or press ? or * to list all spells.
Aiming: Searing Ray (safe; 1% risk of failure)
Press: ? - help, Shift-Dir - straight line, f/p - Duvessa
Aim: Duvessa, wielding a +4 short sword of protection and wearing a +0 chain mail (steam, lightly wounded, 89% to hit)
The searing ray hits Duvessa! (Press . to maintain the ray.) Duvessa is engulfed in a cloud of scalding steam.
Duvessa hits you with a +4 short sword of protection.
The searing ray misses Duvessa.
Duvessa hits you with a +4 short sword of protection!
Dowan, Brother of Duvessa comes into view.
He is wielding a +0 dagger.
The searing ray hits Duvessa but does no damage.
Duvessa hits you with a +4 short sword of protection.
The searing ray hits Duvessa!
You finish channelling your searing ray.
Dowan points at you and mumbles some strange words.
The puff of flame hits you.
Unknown command.
Casting: Searing Ray (safe; 1% risk of failure)
Confirm with . or Enter, or press ? or * to list all spells.
Aiming: Searing Ray (safe; 1% risk of failure)
Press: ? - help, Shift-Dir - straight line, f - Dowan, p - Duvessa
Aim: Dowan, wielding a +0 dagger and wearing a +0 robe (75% to hit)
The searing ray misses Duvessa.
The searing ray hits Dowan. (Press . to maintain the ray.)
You have got your breath back.
Duvessa hits you with a +4 short sword of protection.
The searing ray hits Duvessa.
The searing ray misses Dowan.
Duvessa hits you with a +4 short sword of protection.
Dowan gestures wildly while chanting.
Dowan blinks!
The searing ray hits Duvessa but does no damage.
Duvessa hits you with a +4 short sword of protection!
* * * LOW HITPOINT WARNING * * *
Unknown command.
The searing ray hits Duvessa but does no damage.
You finish channelling your searing ray.
Duvessa closely misses you.
Unknown command.
Duvessa hits you with a +4 short sword of protection!
* * * LOW HITPOINT WARNING * * *
Casting: Searing Ray (safe; 1% risk of failure)
Confirm with . or Enter, or press ? or * to list all spells.
Aiming: Searing Ray (safe; 1% risk of failure)
Press: ? - help, Shift-Dir - straight line, f/p - Dowan
Aim: Dowan, wielding a +0 dagger and wearing a +0 robe (lightly wounded, 75% to hit)
The searing ray hits Duvessa.
The searing ray hits Dowan! (Press . to maintain the ray.) Duvessa closely misses you.
The searing ray hits Duvessa.
The searing ray hits Dowan.
Duvessa barely misses you.
The searing ray hits Duvessa but does no damage.
The searing ray hits Dowan.
You kill Dowan!
Duvessa screams in rage.
Duvessa goes berserk!
Duvessa hits you with a +4 short sword of protection!!
* * * LOW HITPOINT WARNING * * *
The searing ray hits Duvessa but does no damage.
You finish channelling your searing ray.
Duvessa hits you with a +4 short sword of protection!!
You die...

Skill      XL: |  1  2  3  4  5  6  7  8 |
---------------+-------------------------+-----
Fighting       | 1 2 4 |  4.5
Conjurations   | 6 7 9 |  9.0
Hexes          | 2 3 |  3.0
Spellcasting   | 4 |  4.4
Dodging        | |  1.7
Stealth        | |  1.7

Action                   |  1- 3 |  4- 6 |  7- 9 || total
-------------------------+-------+-------+-------++-------
Melee: Unarmed           |    11 |       |       ||    11
       Tailslap          |     1 |     2 |       ||     3
       Dagger            |     7 |    17 |       ||    24
 Fire: Hand crossbow     |       |     2 |   103 ||   105
Throw: Stone             |    60 |    33 |       ||    93
 Cast: Magic Dart        |    14 |       |       ||    14
       Searing Ray       |    24 |    30 |    14 ||    68
 Abil: Breathe Steam     |       |       |    22 ||    22
  Use: Potion            |       |     1 |       ||     1
       Scroll            |       |       |    15 ||    15
 Stab: Sleeping          |     1 |     1 |       ||     2
Armor: Skin              |    16 |    13 |     4 ||    33
Dodge: Dodged            |    18 |    25 |    14 ||    57

Levels and vault maps discovered:
D:1:      dpeg_arrival_boxorama, layout_basic
D:2:      layout_loops_ring, dreamdust_ecumenical_altar_angels_and_demons,
          chequers_arboretum, minmay_pentomino_z4
D:3:      layout_basic, kennysheep_nondescript, minmay_unequal, uniq_natasha,
          uniq_sigmund
D:4:      layout_loops_ring
D:5:      layout_loops_cross, portal_sewer_entry_f, kennysheep_potato,
          uniq_menkaure
D:6:      layout_loops_ring, uniq_duvessa

Notes
Turn   | Place    | Note
-------+----------+-------------------------------------------
     0 | D:1      | Sobieck the Draconian Conjurer began the quest for the Orb.
     0 | D:1      | Reached XP level 1. HP: 14/14 MP: 3/3
   396 | D:1      | Reached XP level 2. HP: 22/22 MP: 0/5
   533 | D:1      | Learned a level 2 spell: Searing Ray
   711 | D:1      | Reached skill level 1 in Fighting
  1634 | D:2      | Reached XP level 3. HP: 28/28 MP: 3/6
  2063 | D:2      | Found a faded altar of an unknown god.
  2607 | D:3      | Noticed Natasha
  2623 | D:3      | Killed Natasha
  2624 | D:3      | Reached XP level 4. HP: 24/36 MP: 1/7
  2629 | D:3      | Learned a level 4 spell: Fulminant Prism
  2760 | D:3      | Reached skill level 5 in Conjurations
  2808 | D:3      | Noticed Natasha
  2817 | D:3      | Killed Natasha
  2868 | D:3      | Reached skill level 1 in Hexes
  2936 | D:3      | Noticed Sigmund
  2974 | D:3      | HP: 9/36 [something (6)]
  2975 | D:3      | HP: 2/36 [something (7)]
  2976 | D:3      | Killed Sigmund
  2977 | D:3      | Reached skill level 6 in Conjurations
  2977 | D:3      | Reached skill level 2 in Hexes
  2977 | D:3      | Reached XP level 5. HP: 2/41 MP: 2/8
  2977 | D:3      | Reached XP level 6. HP: 3/48 MP: 2/9
  3274 | D:3      | Noticed Natasha
  3277 | D:3      | Killed Natasha
  3427 | D:3      | You pick up a book of Burglary and begin reading...
  3427 | D:3      | You add the spells Passwall, Ensorcelled Hibernation and
                  | Swiftness to your library.
  4901 | D:4      | Reached skill level 7 in Conjurations
  5232 | D:5      | Entered Level 5 of the Dungeon
  5237 | D:5      | Reached skill level 3 in Hexes
  5237 | D:5      | Your scales start taking on a pale cyan-grey colour.
  5237 | D:5      | Reached XP level 7. HP: 53/53 MP: 5/10
  5237 | D:5      | Gained mutation: You are immune to the effects of steam.
                  | [Pale Draconian growth]
  5356 | D:5      | Found a glowing drain.
  5360 | D:5      | Noticed Menkaure
  5368 | D:5      | Killed Menkaure
  5399 | Sewer    | Entered a sewer
  5658 | Sewer    | Reached skill level 8 in Conjurations
  6131 | Sewer    | Reached skill level 9 in Conjurations
  6218 | Sewer    | Reached skill level 2 in Fighting
  6219 | Sewer    | Reached XP level 8. HP: 57/61 MP: 12/12
  6316 | Sewer    | Reached skill level 3 in Spellcasting
  6561 | D:5      | Reached skill level 3 in Fighting
  7112 | D:6      | Reached skill level 4 in Fighting
  7112 | D:6      | Reached skill level 4 in Spellcasting
  7182 | D:6      | Noticed Duvessa
  7211 | D:6      | Noticed Dowan
  7223 | D:6      | Killed Dowan
  7223 | D:6      | HP: 3/67 [Duvessa/+4 short sword of protection (19)]
  7224 | D:6      | Demolished by Duvessa

Vanquished Creatures
  Sigmund (D:3)
  Menkaure (D:5)
  An ice beast (D:6)
  A phantom (D:4)
  5 kobold brigands (Sewer)
  A bullfrog (D:6)
  2 scorpions (D:5)
  Dowan (D:6)
  3 hounds
  Natasha (thrice) (D:3)
  2 orc wizards (D:6)
  5 gnolls
  10 adders
  3 river rats (Sewer)
  An ufetubus (D:5)
  4 worms
  7 orcs
  6 bats
  10 endoplasms
  4 giant cockroaches
  8 goblins
  5 hobgoblins
  9 kobolds
  10 quokkas
  10 ball pythons
  A frilled lizard (D:1)
  8 rats
122 creatures vanquished.

Table legend:
 A = Non-vault XP
 B = Vault XP
 C = Vault XP percentage of total XP
 D = Non-vault monster count
 E = Vault monster count
 F = Vault count percentage of total count
                 A         B        C        D         E       F
            +---------+---------+-------+---------+---------+-------
      Total |    1003 |    1144 |  53.3 |      76 |      46 |  37.7
            +---------+---------+-------+---------+---------+-------
        D:1 |      37 |       0 |   0.0 |      20 |       0 |   0.0
        D:2 |      11 |      17 |  60.7 |       5 |       3 |  37.5
        D:3 |     181 |     281 |  60.8 |      22 |       6 |  21.4
        D:4 |     158 |       0 |   0.0 |      11 |       0 |   0.0
        D:5 |     230 |     193 |  45.6 |       7 |       8 |  53.3
        D:6 |     386 |      69 |  15.2 |      11 |       1 |   8.3
      Sewer |       0 |     584 | 100.0 |       0 |      28 | 100.0
            +---------+---------+-------+---------+---------+-------

Illustrated notes

Table legend:
 A = Kills in this place as a percentage of kills in entire the game.
 B = Kills by you in this place as a percentage of kills by you in the entire game.
 C = Kills by friends in this place as a percentage of kills by friends in the entire game.
 D = Other kills in this place as a percentage of other kills in the entire game.
 E = Experience gained in this place as a percentage of experience gained in the entire game.
 F = Experience gained in this place divided by the number of levels of this place that you have seen.
                   A       B       C       D       E      F
               +-------+-------+-------+-------+-------+----------------------
         Total | 100.0 | 100.0 |   N/A |   N/A | 100.0 | 306.7
       Dungeon |  77.0 |  77.0 |   N/A |   N/A |  72.8 | 260.5
         Sewer |  23.0 |  23.0 |   N/A |   N/A |  27.2 | 584.0
               +-------+-------+-------+-------+-------+----------------------

Table legend: (Time is in decaauts)
 A = Elapsed time spent in this place.
 B = Non-inter-level travel time spent in this place.
 C = Inter-level travel time spent in this place.
 D = Time resting spent in this place.
 E = Time spent auto-exploring this place.
 F = Levels seen in this place.
 G = Mean time per level.
                   A        B        C        D        E       F      G
               +--------+--------+--------+--------+--------+-----+--------+
         Total |   7457 |   7292 |    165 |   1040 |   5111 |   7 | 1065.3 |
       Dungeon |   6287 |   6122 |    165 |    690 |   4608 |   6 | 1047.8 |
         Sewer |   1170 |   1170 |      0 |    350 |    502 |   1 | 1170.0 |
               +--------+--------+--------+--------+--------+-----+--------+

Top non-repeatable levels by time:
     D:3: 2079 daAuts
     D:1: 1410 daAuts
   Sewer: 1170 daAuts
     D:4: 961 daAuts
     D:2: 842 daAuts
     D:5: 711 daAuts
     D:6: 282 daAuts
